 Dungeon Crawl Stone Soup version 0.21.0-3-g78d12a8 (webtiles) character file.

1205 Helmschank the Basher (level 8, -3/49 HPs)
             Began as a Gargoyle Monk on Jan 14, 2018.
             Killed by divine providence
             ... invoked by an orc priest
              (8 damage)
             ... on level 6 of the Dungeon.
             The game lasted 00:19:46 (6164 turns).

Helmschank the Basher (Gargoyle Monk)               Turns: 6164, Time: 00:19:46

Health: -3/49      AC: 17    Str: 16    XL:     8   Next: 45%
Magic:  8/8        EV:  8    Int: 12    God:
Gold:   115        SH:  0    Dex: 12    Spells: 7/7 levels left

rFire    + . .     SeeInvis .   a - +2 dire flail (holy)
rCold    . . .     Gourm    .   (shield currently unavailable)
rNeg     + . .     Faith    .   r - +0 chain mail
rPois    ∞         Spirit   .   (no helmet)
rElec    +         Reflect  .   (no cloak)
rCorr    +         Harm     .   u - +0 pair of gloves
MR       .....                  z - +0 pair of boots
Stlth    ..........             (no amulet)
HPRegen  0.16/turn              q - ring of protection from fire
MPRegen  0.11/turn              n - ring of resist corrosion

@: no status effects
A: negative energy resistance 1, electricity resistance, unbreathing,
petrification resistance, rot immunity, AC +5
a: no special abilities


You were on level 6 of the Dungeon.
You were hungry.

You visited 1 branch of the dungeon, and saw 6 of its levels.

You collected 240 gold pieces.
You spent 125 gold pieces at shops.

Inventory:

Hand Weapons
 a - a +2 dire flail of holy wrath (weapon)
 b - a +0 hunting sling
 h - a +1 flail
 t - a +0 mace
Missiles
 R - a tomahawk (quivered)
 U - 195 stones
 Z - 2 silver javelins
Armour
 f - a +1 ring mail
 r - a +0 chain mail (worn)
 u - a +0 pair of gloves (worn)
 x - the +0 leather armour of Birdsong {rC+}
   (You found it on level 5 of the Dungeon)

   It protects you from cold.
 z - a +0 pair of boots (worn)
Jewellery
 e - an uncursed ring of wizardry
 n - a ring of resist corrosion (right hand)
 q - a ring of protection from fire (left hand)
Wands
 y - a wand of disintegration (11)
Scrolls
 g - 5 scrolls of identify
 i - 2 scrolls of amnesia
 j - a scroll of enchant armour
 k - 4 scrolls of magic mapping
 l - 2 scrolls of remove curse
 o - 2 scrolls of teleportation
 A - a scroll of fog
Potions
 d - a potion of cancellation
 m - 4 potions of curing
 p - a potion of resistance
 s - a potion of heal wounds
 v - 2 potions of berserk rage
 B - a potion of mutation {unknown}
Comestibles
 c - 9 rations


   Skills:
 + Level 5.2 Fighting
 - Level 8.0 Maces & Flails
 - Level 2.7 Throwing
 - Level 3.6 Armour
 - Level 3.0 Dodging
 - Level 2.1 Stealth


You had 7 spell levels left.
You didn't know any spells.

Dungeon Overview and Level Annotations

Branches:
Dungeon (6/15)
 Temple: D:4-7

Altars:
Cheibriados
Dithmenos

Shops:
D:4 *   D:6 :

Annotations:
D:6 Dowan, Duvessa


Innate Abilities, Weirdness & Mutations

You are resistant to torment.
Your stone body is resilient. (AC +5)
You are immune to poison.
You resist negative energy. (rN+)
You are resistant to electric shocks. (rElec)
You can survive without breathing.
You are immune to petrification.
You are immune to rotting.


Message History

The orc priest invokes the aid of Beogh against you.
Beogh smites you!
An orc priest comes into view. It is wielding a short sword.
You take 13 damage, and have 36/49 hp.
MASSIVE DAMAGE!!
Your chain mail prevents you from hitting the orc priest.
The orc priest is moderately wounded.
The orc priest invokes the aid of Beogh against you.
Beogh smites you! The orc priest hits you.
You take 14 damage, and have 22/49 hp.
MASSIVE DAMAGE!!
You hit the orc priest.
The orc priest is heavily wounded.
The orc priest invokes the aid of Beogh against you.
Beogh smites you!
* * * LOW HITPOINT WARNING * * *
The orc hits you but does no damage. The orc priest hits you.
* * * LOW HITPOINT WARNING * * *
You take 17 damage, and have 5/49 hp.
MASSIVE DAMAGE!!
The orc priest invokes the aid of Beogh against you.
Beogh smites you!
You die...

######.# #.# # ##
#.# #.##. ####.#
o...# ..###....##
.ee####.....#...#
#o.............#
#.o# #######♣..#
#.@# #..## #..#
#♣∩♣# #..# #..#
#..# ##.♣# #..#
#..# #..# ##.##
#..# #..#
#.#######..#
##.##
...........# #..#


You could see Duvessa, Dowan, an orc priest and an orc.

Vanquished Creatures
  Prince Ribbit (D:5)
  Edmund (D:4)
  A black bear (D:5)
  2 ogres
  A bullfrog (D:6)
  A scorpion (D:3)
  A crimson imp (D:6)
  A quasit (D:5)
  2 orc priests
  A hound (D:4)
  A jelly (D:5)
  An iguana (D:6)
  A worker ant (D:6)
  3 orc wizards
  6 adders
  4 gnolls
  An ooze (D:1)
  4 worms
  4 dart slugs
  4 leopard geckos
  12 orcs
  A ball python (D:1)
  4 bats (D:1)
  5 giant cockroaches
  11 goblins
  5 hobgoblins
  10 jackals
  9 kobolds
  A quokka (D:2)
  A frilled lizard (D:1)
  9 rats
109 creatures vanquished.

Notes
Turn   | Place    | Note
-------+----------+-------------------------------------------
     0 | D:1      | Helmschank the Gargoyle Monk began the quest for the Orb.
     0 | D:1      | Reached XP level 1. HP: 14/14 MP: 1/1
   272 | D:1      | Reached XP level 2. HP: 19/19 MP: 2/2
   560 | D:1      | Reached skill level 4 in Maces & Flails
   637 | D:1      | Reached XP level 3. HP: 23/23 MP: 3/3
  1234 | D:2      | Reached XP level 4. HP: 25/28 MP: 4/4
  1591 | D:2      | Reached skill level 5 in Maces & Flails
  2194 | D:2      | Reached XP level 5. HP: 12/32 MP: 5/5
  2706 | D:3      | Found a faded altar of an unknown god.
  2777 | D:3      | Reached skill level 6 in Maces & Flails
  3408 | D:3      | Reached skill level 1 in Armour
  3408 | D:3      | Reached XP level 6. HP: 29/38 MP: 6/6
  4100 | D:4      | Reached XP level 7. HP: 8/43 MP: 7/7
  4345 | D:4      | Noticed Edmund
  4367 | D:4      | Killed Edmund
  4879 | D:4      | Found a snail-covered altar of Cheibriados.
  4936 | D:4      | Found Poli's Assorted Antiques.
  4944 | D:4      | Bought a potion of heal wounds for 125 gold pieces
  4968 | D:5      | Entered Level 5 of the Dungeon
  5023 | D:5      | Reached skill level 7 in Maces & Flails
  5041 | D:5      | Got a smoking leather armour
  5052 | D:5      | Identified the +0 leather armour of Birdsong {rC+} (You found it on level 5 of the Dungeon)
  5442 | D:5      | Found a shadowy altar of Dithmenos.
  5576 | D:5      | Reached skill level 8 in Maces & Flails
  5576 | D:5      | Reached XP level 8. HP: 48/48 MP: 8/8
  5677 | D:5      | Noticed Prince Ribbit
  5688 | D:5      | Killed Prince Ribbit
  6062 | D:6      | Found Bugget's Book Shoppe.
  6084 | D:6      | Reached skill level 5 in Fighting
  6160 | D:6      | Noticed Duvessa
  6160 | D:6      | Noticed Dowan
  6164 | D:6      | Killed from afar by an orc priest

Skill      XL: |  1  2  3  4  5  6  7  8 |
---------------+-------------------------+-----
Maces & Flails | 4 5 6 8 |  8.0
Fighting       | 4 5 |  5.2
Armour         | 1 3 |  3.6
Dodging        | 3 |  3.0
Throwing       | 2 |  2.7
Stealth        | |  2.1

Action                   |  1- 3 |  4- 6 |  7- 9 || total
-------------------------+-------+-------+-------++-------
Melee: Mace              |   114 |   135 |       ||   249
       Flail             |       |     7 |    37 ||    44
       Dire flail        |       |       |   103 ||   103
 Fire: Hunting sling     |       |    96 |     4 ||   100
Throw: Stone             |    52 |    27 |     3 ||    82
       Tomahawk          |       |     6 |    12 ||    18
Evoke: Wand              |       |       |     2 ||     2
  Use: Scroll            |     7 |     3 |     6 ||    16
       Potion            |       |     2 |       ||     2
 Stab: Sleeping          |     3 |       |       ||     3
  Eat: Chunk             |     1 |     9 |     6 ||    16
Armor: Robe              |    48 |    24 |       ||    72
       Ring mail         |       |    17 |    18 ||    35
       Chain mail        |       |       |    80 ||    80
Dodge: Dodged            |    58 |    82 |    55 ||   195
